 Dungeon Crawl Stone Soup version 0.29-a0-575-g0dc89cf053 (webtiles) character file.

Game seed: 3705478543127187191

1152 xian the Sneak (level 8, -2/63 HPs)
             Began as a White Draconian Enchanter on June 12, 2022.
             Slain by an ogre
             ... wielding a +0 giant spiked club
              (21 damage)
             ... on level 5 of the Dungeon.
             The game lasted 00:12:46 (5744 turns).

xian the Sneak (White Draconian Enchanter)          Turns: 5744, Time: 00:12:46

Health: -2/63      AC:  6    Str: 17    XL:     8   Next: 16%
Magic:  14/14      EV: 13    Int: 18    God:
Gold:   207        SH:  0    Dex: 11    Spells: 8/15 levels left

rFire   . . .      SeeInvis .   n - +1 dagger (drain)
rCold   + . .      Faith    .   (no shield)
rNeg    . . .      Spirit   .   (body armour unavailable)
rPois   .          Reflect  .   (helmet restricted)
rElec   .          Harm     .   (no cloak)
rCorr   .          Rampage  .   (no gloves)
Will    +....                   (no boots)
Stlth   +++.......              (no amulet)
HPRegen 0.20/turn               g - +6 ring of strength
MPRegen 0.14/turn               l - ring of willpower

@: no status effects
A: breathe frost, AC +6, unfitting armour, cold resistance 1, cold-blooded
a: Breathe Frost


You were on level 5 of the Dungeon.
You visited 1 branch of the dungeon, and saw 5 of its levels.

You collected 207 gold pieces.

Inventory:

Hand Weapons
 a - a +1 dagger
 k - a +0 dagger of speed
 n - a +1 dagger of draining (weapon)
Missiles
 o - a throwing net
Jewellery
 g - a +6 ring of strength (left hand)
 l - a ring of willpower (right hand)
 p - a ring of protection from cold
Scrolls
 e - 2 scrolls of vulnerability
 j - a scroll of teleportation
Potions
 b - 3 potions of invisibility
 c - 2 potions of might
 d - a potion of flight
 f - 2 potions of curing
 h - a potion of resistance {unknown}
 i - a potion of magic {unknown}
 q - 2 potions of brilliance {unknown}


   Skills:
 + Level 3.3 Fighting
 + Level 4.0 Short Blades
 + Level 4.6 Dodging
 + Level 4.9 Stealth
 + Level 4.0 Spellcasting
 + Level 2.9 Hexes
 + Level 2.7 Necromancy


You had 8 spell levels left.
You knew the following spells:

 Your Spells              Type           Power      Damage    Failure   Level
a - Necrotize             Necr           52%        1d6       4%          1
b - Confusing Touch       Hex            14%        N/A       13%         3
c - Stone Arrow           Conj/Erth      6%         3d7       41%         3

Your spell library contained the following spells:

 Spells                   Type           Power      Damage    Failure   Level
 Ensorcelled Hibernation  Hex/Ice        18%        N/A       12%         2
 Tukima's Dance           Hex            14%        N/A       13%         3
 Vampiric Draining        Necr           13%        2d6       14%         3
 Dazzling Flash           Conj/Hex       18%        N/A       24%         3
 Agony                    Necr           13%        N/A       80%         5
 Lehudib's Crystal Spear  Conj/Erth      1%         10d2      100%        8
 Animate Armour           Summ/Erth      Unusable   N/A       N/A         4

Dungeon Overview and Level Annotations

Branches:
Dungeon (5/15)
 Temple: D:4-7

Altars:
Makhleb
Okawaru
Uskayaw
Wu Jian
Yredelemnul

Shops:
D:4 *

Annotations:
D:4 2 transporters, vulpzor's ghost, novice GnWn


Innate Abilities, Weirdness & Mutations

You can breathe waves of freezing cold which knock back foes.
Your icy white scales are hard. (AC +6)
You cannot fit into any form of body armour.
Your flesh is cold resistant. (rC+)
You are cold-blooded and may be slowed by cold attacks.


Message History

A centaur comes into view.
The centaur shouts!
The centaur wields a +0 shortbow.
The centaur shoots an arrow.
The arrow hits you.
The centaur shoots an arrow.
The arrow hits you.
An ogre comes into view. It is wielding a +0 giant spiked club.
Found 4 javelins.
The centaur shoots an arrow.
The arrow closely misses you.
The ogre shouts!
Found 19 gold pieces.
The centaur shoots an arrow.
The arrow misses you.
The centaur shoots an arrow.
The arrow closely misses you.
The centaur shoots an arrow.
The arrow hits you!
The centaur shoots an arrow.
The arrow hits you!
The centaur shoots an arrow.
The arrow closely misses you.
The centaur shoots an arrow.
The arrow hits you! The ogre closely misses you.
The centaur unwields a +0 shortbow.
The centaur misses you. The centaur kicks you.
* * * LOW HITPOINT WARNING * * *
You hit the centaur but do no damage.
The centaur hits you but does no damage.
The centaur barely misses you. The centaur closely misses you.
The centaur barely misses you.
You completely miss the centaur.
The centaur hits you but does no damage.
The centaur misses you. The ogre misses you.
You hit the centaur.
The centaur is lightly wounded.
The centaur misses you.
The centaur kicks you but does no damage.
You hit the centaur. You drain the centaur. You tail-slap the centaur.
The centaur is severely wounded.
The centaur closely misses you.
The centaur kicks you but does no damage.
The ogre misses you.
You hit the centaur. You drain the centaur.
You tail-slap the centaur, but do no damage.
The centaur is almost dead.
The centaur closely misses you. The centaur completely misses you.
You hit the centaur.
You kill the centaur!
The ogre hits you with a +0 giant spiked club!!
You die...

...... #####......
#.......... ######
#......... #....#
#.$..(... #....#
#$....# ####....#
#.....#
........#####..O@)+
########).........#
#.......####+###
####.......#
...+.......#
####......(#
..+.......#
#.##.......#
...........# #


You could see an ogre.

Vanquished Creatures
  A water moccasin (D:5)
  A sky beast (D:3)
  A black bear (D:4)
  An ogre (D:5)
  2 centaurs (D:5)
  2 scorpions
  A jelly (D:5)
  3 orc priests
  2 hounds (D:5)
  3 iguanas
  A scorpion zombie (D:3)
  3 orc wizards
  4 gnolls (D:5)
  2 adders
  A white imp (D:5)
  An ufetubus (D:5)
  An adder zombie (D:3)
  3 dart slugs
  8 orcs
  8 ball pythons
  7 endoplasms
  2 giant cockroaches (D:3)
  5 goblins
  A hobgoblin (D:2)
  6 kobolds
  2 quokkas
  A ball python zombie (D:3)
  3 bats
  3 frilled lizards
  A jackal zombie (D:3)
  2 rats
82 creatures vanquished.

Vanquished Creatures (collateral kills)
  An ice beast (D:5)
  A giant cockroach (D:1)
2 creatures vanquished.

Grand Total: 84 creatures vanquished

Notes
Turn   | Place    | Note
-------+----------+-------------------------------------------
     0 | D:1      | xian the Draconian Enchanter began the quest for the Orb.
     0 | D:1      | Reached XP level 1. HP: 14/14 MP: 3/3
     8 | D:1      | Learned a level 1 spell: Necrotize
   116 | D:1      | Found a faded altar of an unknown god.
   418 | D:1      | Reached skill level 1 in Necromancy
   466 | D:1      | Reached XP level 2. HP: 20/20 MP: 1/5
  1455 | D:2      | Reached XP level 3. HP: 19/27 MP: 6/6
  1832 | D:3      | Found an ornate altar of the Wu Jian Council.
  2131 | D:3      | Found a basalt altar of Yredelemnul.
  2140 | D:3      | Reached XP level 4. HP: 34/34 MP: 7/7
  2457 | D:3      | Noticed a sky beast
  2474 | D:3      | Killed a sky beast
  2475 | D:3      | Reached skill level 1 in Fighting
  2475 | D:3      | Reached XP level 5. HP: 17/40 MP: 5/9
  2856 | D:3      | Found an iron altar of Okawaru.
  2970 | D:3      | Learned a level 3 spell: Confusing Touch
  3293 | D:4      | HP: 2/40 [orc priest/+0 hand axe (1)]
  3626 | D:4      | Reached XP level 6. HP: 29/44 MP: 10/10
  3974 | D:4      | Noticed a yak
  3979 | D:4      | Noticed vulpzor's ghost (novice GnWn)
  4035 | D:4      | Found a hide-covered altar of Uskayaw.
  4362 | D:4      | Found a transporter.
  4365 | D:4      | Found a transporter.
  4455 | D:4      | Found Xoffug's General Store.
  4477 | D:4      | Your scales start taking on an icy white colour.
  4477 | D:4      | Reached XP level 7. HP: 49/55 MP: 12/12
  4477 | D:4      | Gained mutation: Your flesh is cold resistant. (rC+) [White
                  | Draconian growth]
  4559 | D:4      | Found a burning altar of Makhleb.
  4650 | D:4      | Learned a level 3 spell: Stone Arrow
  4675 | D:5      | Entered Level 5 of the Dungeon
  5046 | D:5      | HP: 1/56 [gnoll/+0 club (4)]
  5643 | D:5      | Reached XP level 8. HP: 60/63 MP: 12/14
  5744 | D:5      | Slain by an ogre

Illustrated notes

Levels and vault maps discovered:
D:1:      shiori_shiawase, layout_loops_ring,
          shapermc_ecumenical_altar_mp_vishouse
D:2:      layout_rooms
D:3:      layout_loops_corners, lemuel_crystal_altar, okawaru_trees_1,
          nicolae_yredelemnul_corpse_copse, serial_glass, glass_columns_c,
          glass_columns_a
D:4:      layout_loops_ring, overflow_temple_1_default, lightli_temple_of_fire,
          gammafunk_ghost_arena, serial_shops, nicolae_diamond_shop
D:5:      layout_basic, pf_just_have_faith

Skill      XL: |  1  2  3  4  5  6  7  8 |
---------------+-------------------------+-----
Necromancy     | 1 2 |  2.7
Dodging        | 2 3 4 |  4.6
Stealth        | 3 4 |  4.9
Fighting       | 1 2 3 |  3.3
Short Blades   | 2 3 4 |  4.0
Spellcasting   | 3 4 |  4.0
Hexes          | |  2.9

Action                   |  1- 3 |  4- 6 |  7- 9 || total
-------------------------+-------+-------+-------++-------
Melee: Dagger            |   102 |   184 |   112 ||   398
       Tailslap          |    12 |    25 |    18 ||    55
       Punch             |       |       |     1 ||     1
 Cast: Necrotize         |    15 |    12 |     4 ||    31
       Confusing Touch   |       |       |     1 ||     1
 Abil: Breathe Frost     |       |       |     2 ||     2
  Use: Scroll            |     2 |     4 |     1 ||     7
       Potion            |       |       |     2 ||     2
 Stab: Sleeping          |     1 |     7 |     2 ||    10
       Distracted        |       |     1 |       ||     1
Armor: Skin              |    43 |    47 |    50 ||   140
Dodge: Dodged            |    49 |    93 |    72 ||   214

Table legend: (Time is in decaauts)
 A = Elapsed time spent in this place.
 B = Non-inter-level travel time spent in this place.
 C = Inter-level travel time spent in this place.
 D = Time resting spent in this place.
 E = Time spent auto-exploring this place.
 F = Levels seen in this place.
 G = Mean time per level.
                   A        B        C        D        E       F      G
               +--------+--------+--------+--------+--------+-----+--------+
         Total |   5658 |   5638 |     20 |   1199 |   3361 |   5 | 1131.6 |
       Dungeon |   5658 |   5638 |     20 |   1199 |   3361 |   5 | 1131.6 |
               +--------+--------+--------+--------+--------+-----+--------+

Top non-repeatable levels by time:
     D:3: 1662 daAuts
     D:4: 1129 daAuts
     D:5: 1049 daAuts
     D:1: 979 daAuts
     D:2: 837 daAuts
